 Dungeon Crawl Stone Soup version 0.18.1-50-g88ac8fd (webtiles) character file.

88 therealfakemoot the Cudgeler (level 4, -11/28 HPs)
             Began as a Gargoyle Fighter on Sept 23, 2016.
             Mangled by an orc warrior
             ... wielding a +0 mace
              (12 damage)
             ... on level 2 of the Dungeon.
             The game lasted 00:06:39 (1759 turns).

therealfakemoot the Cudgeler (Gargoyle Fighter)     Turns: 1759, Time: 00:06:41

Health: -11/28     AC: 10    Str: 21    XL:     4   Next: 53%
Magic:  4/4        EV:  7    Int:  8    God:
Gold:   101        SH:  9    Dex:  9    Spells: 0 memorised, 3 levels left

rFire  . . .     SeeInvis .     a - +0 flail
rCold  . . .     Gourm    .     b - +0 scale mail
rNeg   + . .     Faith    .     c - +0 shield
rPois  ∞         Spirit   .     (no helmet)
rElec  +         Dismiss  .     (no cloak)
rCorr  .         Reflect  .     (no gloves)
SustAt .         Harm     .     (no boots)
MR     .....                    (no amulet)
Stlth  ..........               (no ring)
                                (no ring)

@: not resistant to hostile enchantments, extremely unstealthy
A: negative energy resistance 1, electricity resistance, unbreathing,
petrification resistance, rot immunity, AC +3
a: no special abilities


You were on level 2 of the Dungeon.
You were not hungry.

You visited 1 branch of the dungeon, and saw 3 of its levels.

You collected 101 gold pieces.

Inventory:

Hand Weapons
 a - a +0 flail (weapon)
Armour
 b - a +0 scale mail (worn)
 c - a +0 shield (worn)
Scrolls
 e - 3 scrolls of remove curse {unknown}
 i - a scroll of magic mapping {unknown}
 k - 2 scrolls of identify {unknown}
 o - a scroll of blinking {unknown}
Potions
 d - a potion of might
 h - 2 potions of cancellation {unknown}
 j - a potion of magic {unknown}
 m - a potion of agility {unknown}
 n - a potion of flight {unknown}
Comestibles
 f - 2 bread rations
 g - 3 chunks of flesh
 l - a meat ration


   Skills:
 - Level 3.2 Fighting
 + Level 4.6 Maces & Flails
 - Level 3.2 Armour
 - Level 3.2 Shields


You had 3 spell levels left.
You didn't know any spells.

Dungeon Overview and Level Annotations

Branches:
Dungeon (3/15)

Altars:


Innate Abilities, Weirdness & Mutations

You are resistant to torment.
Your stone body is resilient (AC +3).
You are immune to poison.
You resist negative energy.
You are resistant to electric shocks.
You can survive without breathing.
You are immune to petrification.
You are immune to rotting.


Message History

The hobgoblin shouts!
The orc warrior shouts!
The orc wizard shouts!
You hear a shout!
Found a scroll labeled IFOVEM DUOX and 12 gold pieces.
A rat comes into view.
There is a stone staircase leading up here.
The orc warrior hits you with a mace!
You climb upwards.
There is a stone staircase leading down here.
You barely miss the orc warrior. The orc warrior hits you with a mace!
Ouch! That really hurt!
* * * LOW HITPOINT WARNING * * *
You hit the orc warrior but do no damage.
The orc warrior hits you but does no damage.
You hit the orc warrior.
The orc warrior is lightly wounded.
The orc warrior hits you but does no damage.
You completely miss the orc warrior.
The orc warrior is lightly wounded.
The orc warrior hits you with a mace!
You die...

..........# #.......######.#
......P...########.##.##.# ##.#
.................#.##.##.#####...
...........###.................#.
......P....###.#.#.##.#...####...
...............#.#.##...........#
.P..P......##.................(..
...........##.......#.#.#.)###..#
#..........##...@...#.#.#..###..#
####..)..........o..............#
# #................##.........##
####......###...........#..#####
..).................##.##..######
.###......##..########.##........
.####....###..# #.##.#######
......#.## #..# ##.##.# .#####(.#
#..# #..##.#


You could see an orc warrior.

Vanquished Creatures
  3 gnolls (D:2)
  2 worms (D:2)
  A dart slug (D:1)
  2 giant geckos (D:2)
  A ball python (D:1)
  5 bats
  5 giant cockroaches
  6 goblins
  3 hobgoblins
  2 jackals (D:2)
  3 quokkas (D:2)
  5 giant newts
  6 kobolds
  3 rats
47 creatures vanquished.

Notes
Turn   | Place    | Note
--------------------------------------------------------------
     0 | D:1      | therealfakemoot the Gargoyle Fighter began the quest for the Orb.
     0 | D:1      | Reached XP level 1. HP: 14/14 MP: 1/1
   273 | D:1      | Reached XP level 2. HP: 19/19 MP: 2/2
   416 | D:1      | Reached skill level 3 in Maces & Flails
   733 | D:1      | Reached XP level 3. HP: 23/23 MP: 3/3
  1233 | D:2      | Reached skill level 4 in Maces & Flails
  1446 | D:2      | Reached XP level 4. HP: 28/28 MP: 4/4
  1753 | D:3      | Noticed an orc warrior
  1756 | D:2      | HP: 1/28 [orc warrior/mace (14)]
  1759 | D:2      | Mangled by an orc warrior

Skill      XL: |  1  2  3 |
---------------+----------+-----
Maces & Flails | 3 4 |  4.6
Fighting       | |  3.2
Armour         | |  3.2
Shields        | |  3.2

Action                   |  1- 3 |  4- 6 || total
-------------------------+-------+-------++-------
Melee: Flail             |   199 |    28 ||   227
  Eat: Chunk             |     2 |     1 ||     3
Armor: Scale mail        |   110 |    12 ||   122
Dodge: Dodged            |    49 |     7 ||    56
Block: Shield            |   108 |    11 ||   119
